PBL
CANTON INDIANS @ NIAGARA FALLS PHANTOMS
10/05/2049
 
TOP OF THE 1ST
Chester Pirates batting - Pitching for London Majors : RHP Marcus Reiling
Pitching: RHP Marcus Reiling
Batting: RHB Ryan LeSueur 0-0: Called Strike
0-1: Ball
1-1: Ball
2-1: Swinging Strike
2-2: Strikes out swinging
Batting: RHB Hidesuke Yoshida 0-0: Ball
1-0: Foul Ball, location: 2F
1-1: Ground out 6-3 (Groundball, 6, EV 80.6 MPH)
Batting: RHB Jason Rhodes 0-0: Ball
1-0: Foul Ball, location: 2F
1-1: Ball
2-1: Ball
3-1: Called Strike
3-2: Foul Ball, location: 2F
3-2: Base on Balls
Batting: RHB Erik Mulligan 0-0: Swinging Strike
0-1: Foul Ball, location: 2F
0-2: Strikes out swinging
Top of the 1st over - 0 runs, 0 hits, 0 errors, 1 left on base; Chester 0 - London 0
BOTTOM OF THE 1ST
London Majors batting - Pitching for Chester Pirates : RHP Andres Guillen
Pitching: RHP Andres Guillen
Batting: RHB Manny Elizondo 0-0: Ball
1-0: Ball
2-0: Ball
3-0: Base on Balls
Batting: LHB Ron de Vos 0-0: Called Strike
0-1: Ground out 4-3 (Groundball, 4, EV 109.4 MPH)
Manny Elizondo to second
Batting: RHB Akira Kubo 0-0: Called Strike
0-1: Ball
1-1: Ball
2-1: Foul Ball, location: 2F
2-2: Foul Ball, location: 2F
2-2: Strikes out swinging
Batting: RHB Carlos Murillo 0-0: Foul Ball, location: 2F
0-1: Ball
1-1: Foul Ball, location: 2F
1-2: Strikes out looking
Bottom of the 1st over - 0 runs, 0 hits, 0 errors, 1 left on base; Chester 0 - London 0
TOP OF THE 2ND
Chester Pirates batting - Pitching for London Majors : RHP Marcus Reiling
Batting: LHB Kazuyoshi Ikeda 0-0: Called Strike
0-1: SINGLE (Groundball, 56D, EV 95.6 MPH)
Batting: RHB Rafael Galicia 0-0: Ball
1-0: Foul Ball, location: 2F
1-1: Grounds into double play, 5-4-3 (Groundball, 56S, EV 85.6 MPH)
Batting: RHB Matt Derrien 0-0: Called Strike
0-1: Called Strike
0-2: Foul Ball, location: 2F
0-2: Foul Ball, location: 2F
0-2: Strikes out swinging
Top of the 2nd over - 0 runs, 1 hit, 0 errors, 0 left on base; Chester 0 - London 0
BOTTOM OF THE 2ND
London Majors batting - Pitching for Chester Pirates : RHP Andres Guillen
Batting: RHB Mikey Sano 0-0: Ball
1-0: Fly out, F7 (Flyball, 78S, EV 75.0 MPH)
Batting: RHB Rudolph Lentz 0-0: Called Strike
0-1: Ball
1-1: Ball
2-1: Foul Ball, location: 2F
2-2: Foul Ball, location: 2F
2-2: Ball
3-2: SINGLE (Groundball, 6MD, EV 97.5 MPH)
Batting: LHB Nate Greening 0-0: Called Strike
0-1: Ball
1-1: Foul Ball, location: 2F
1-2: Ball
2-2: Foul Ball, location: 2F
2-2: Fielders Choice at 2nd, 1-6 (Groundball, 13S, EV 66.9 MPH)
Batting: RHB Lao-che Zhu 0-0: Ball
Nate Greening steals 2nd, throwing error, E2
Nate Greening to third
1-0: Ball
2-0: Fly out, F7 (Flyball, 7, EV 86.2 MPH)
Bottom of the 2nd over - 0 runs, 1 hit, 1 error, 1 left on base; Chester 0 - London 0
TOP OF THE 3RD
Chester Pirates batting - Pitching for London Majors : RHP Marcus Reiling
Batting: RHB Ryan Thurston 0-0: Called Strike
0-1: Foul Ball, location: 2F
0-2: Strikes out looking
Batting: SHB Jiong Qi 0-0: Foul Ball, location: 2F
0-1: Swinging Strike
0-2: Foul Ball, location: 2F
0-2: Strikes out swinging
Batting: RHB Ryan LeSueur 0-0: Hit by Pitch
Batting: RHB Hidesuke Yoshida 0-0: Ball
1-0: Swinging Strike
1-1: Foul Ball, location: 2F
1-2: Ball
2-2: Strikes out swinging
Top of the 3rd over - 0 runs, 0 hits, 0 errors, 1 left on base; Chester 0 - London 0
BOTTOM OF THE 3RD
London Majors batting - Pitching for Chester Pirates : RHP Andres Guillen
Batting: RHB Jorge Alva 0-0: Ball
1-0: Called Strike
1-1: Foul Ball, location: 2F
1-2: Ball
2-2: Ball
3-2: Foul Ball, location: 2F
3-2: Base on Balls
Batting: RHB Manny Elizondo 0-0: Called Strike
0-1: Foul Ball, location: 2F
0-2: Ball
1-2: Ball
2-2: 2-RUN HOME RUN (Flyball, 78XD, EV 106.2 MPH), Distance : 418 ft
Batting: LHB Ron de Vos 0-0: Foul Ball, location: 2F
0-1: Ball
1-1: Ground out 5-3 (Groundball, 6MS, EV 68.8 MPH)
Batting: RHB Akira Kubo 0-0: Ball
1-0: Swinging Strike
1-1: Ball
2-1: Ball
3-1: Base on Balls
Batting: RHB Carlos Murillo 0-0: Called Strike
0-1: Foul Ball, location: 2F
0-2: Ball
1-2: Strikes out swinging
Batting: RHB Mikey Sano 0-0: Ball
1-0: Fly out, F6 (Popup, 6, EV 75.0 MPH)
Bottom of the 3rd over - 2 runs, 1 hit, 0 errors, 1 left on base; Chester 0 - London 2
TOP OF THE 4TH
Chester Pirates batting - Pitching for London Majors : RHP Marcus Reiling
Batting: RHB Jason Rhodes 0-0: Swinging Strike
0-1: Ball
1-1: Fly out, F8 (Flyball, 8LM, EV 88.1 MPH)
Batting: RHB Erik Mulligan 0-0: Ball
1-0: Ball
2-0: Ball
3-0: Called Strike
3-1: Fly out, F7 (Flyball, 78S, EV 91.9 MPH)
Batting: LHB Kazuyoshi Ikeda 0-0: Ground out 3-1 (Groundball, 34, EV 81.2 MPH)
Top of the 4th over - 0 runs, 0 hits, 0 errors, 0 left on base; Chester 0 - London 2
BOTTOM OF THE 4TH
London Majors batting - Pitching for Chester Pirates : RHP Andres Guillen
Batting: RHB Rudolph Lentz 0-0: Fly out, F9 (Line Drive, 8RM, EV 98.1 MPH)
Batting: LHB Nate Greening 0-0: Ball
1-0: Foul Ball, location: 2F
1-1: Ball
2-1: Fly out, F9 (Flyball, 9LSF, EV 85.0 MPH)
Batting: RHB Lao-che Zhu 0-0: Ball
1-0: Ground out 4-3 (Groundball, 13, EV 83.1 MPH)
Bottom of the 4th over - 0 runs, 0 hits, 0 errors, 0 left on base; Chester 0 - London 2
TOP OF THE 5TH
Chester Pirates batting - Pitching for London Majors : RHP Marcus Reiling
Batting: RHB Rafael Galicia 0-0: Ball
1-0: Called Strike
1-1: Fly out, F8 (Line Drive, 8LM, EV 101.2 MPH)
Batting: RHB Matt Derrien 0-0: Ball
1-0: Called Strike
1-1: Fly out, F8 (Flyball, 8LM, EV 83.8 MPH)
Batting: RHB Ryan Thurston 0-0: Ball
1-0: Ball
2-0: Ground out 4-3 (Groundball, 4MS, EV 85.6 MPH)
Top of the 5th over - 0 runs, 0 hits, 0 errors, 0 left on base; Chester 0 - London 2
BOTTOM OF THE 5TH
London Majors batting - Pitching for Chester Pirates : RHP Andres Guillen
Batting: RHB Jorge Alva 0-0: Called Strike
0-1: Called Strike
0-2: Ball
1-2: Foul Ball, location: 2F
1-2: Strikes out swinging
Batting: RHB Manny Elizondo 0-0: Ball
1-0: Foul Ball, location: 2F
1-1: Ball
2-1: SINGLE (Groundball, 34, EV 88.8 MPH) (infield hit)
Batting: LHB Ron de Vos 0-0: Ball
1-0: Called Strike
1-1: SINGLE (Line Drive, 3D, EV 96.9 MPH)
Manny Elizondo to second
Runner from 2nd tries for 3rd, SAFE, no throw by RF
Batting: RHB Akira Kubo 0-0: Called Strike
0-1: Fly out, F8 (Flyball, 8LD, EV 102.5 MPH)
Runner from 3rd tags up, SCORES, no throw by CF
Pitching: RHP Justin Todorovich
Batting: RHB Carlos Murillo 0-0: Ball
1-0: Swinging Strike
1-1: Foul Ball, location: 2F
1-2: Strikes out swinging
Bottom of the 5th over - 1 run, 2 hits, 0 errors, 1 left on base; Chester 0 - London 3
TOP OF THE 6TH
Chester Pirates batting - Pitching for London Majors : RHP Marcus Reiling
Batting: SHB Jiong Qi 0-0: Called Strike
0-1: Called Strike
0-2: Ball
1-2: Foul Ball, location: 2F
1-2: Ball
2-2: Foul Ball, location: 2F
2-2: Ball
3-2: Strikes out swinging
Batting: RHB Ryan LeSueur 0-0: Ball
1-0: Swinging Strike
1-1: Called Strike
1-2: Fly out, F8 (Flyball, 8RD, EV 85.6 MPH)
Batting: RHB Hidesuke Yoshida 0-0: Swinging Strike
0-1: Called Strike
0-2: Foul Ball, location: 2F
0-2: Foul Ball, location: 2F
0-2: Foul Ball, location: 2F
0-2: Strikes out swinging
Top of the 6th over - 0 runs, 0 hits, 0 errors, 0 left on base; Chester 0 - London 3
BOTTOM OF THE 6TH
London Majors batting - Pitching for Chester Pirates : RHP Justin Todorovich
Batting: RHB Mikey Sano 0-0: Ground out U3 (Groundball, 3, EV 84.4 MPH)
Batting: RHB Rudolph Lentz 0-0: Ball
1-0: Swinging Strike
1-1: Called Strike
1-2: Foul Ball, location: 2F
1-2: Ball
2-2: Strikes out swinging
Batting: LHB Nate Greening 0-0: Called Strike
0-1: Swinging Strike
0-2: Ball
1-2: Ground out 4-3 (Groundball, 4, EV 90.6 MPH)
Bottom of the 6th over - 0 runs, 0 hits, 0 errors, 0 left on base; Chester 0 - London 3
TOP OF THE 7TH
Chester Pirates batting - Pitching for London Majors : RHP Marcus Reiling
Batting: RHB Jason Rhodes 0-0: Ground out 3-1 (Groundball, 34, EV 106.9 MPH)
Batting: RHB Erik Mulligan 0-0: Called Strike
0-1: Called Strike
0-2: Foul Ball, location: 2F
0-2: Strikes out looking
Batting: LHB Kazuyoshi Ikeda 0-0: Ball
1-0: Ball
2-0: Called Strike
2-1: SINGLE (Flyball, 8RS, EV 88.1 MPH)
Batting: RHB Rafael Galicia 0-0: Called Strike
0-1: Ball
1-1: SINGLE (Flyball, 8RS, EV 90.0 MPH)
Kazuyoshi Ikeda to second
Runner from 2nd tries for 3rd, SAFE, throw by CF made to third
Batting: RHB Matt Derrien 0-0: Foul Ball, location: 2F
0-1: Ball
1-1: Ball
2-1: Ground out 5-3 (Groundball, 5S, EV 83.1 MPH)
Top of the 7th over - 0 runs, 2 hits, 0 errors, 2 left on base; Chester 0 - London 3
BOTTOM OF THE 7TH
London Majors batting - Pitching for Chester Pirates : RHP Justin Todorovich
Batting: RHB Lao-che Zhu 0-0: Called Strike
0-1: Ball
1-1: Ball
2-1: Foul Ball, location: 2F
2-2: SINGLE (Line Drive, 7S, EV 104.4 MPH)
Batting: RHB Jorge Alva 0-0: Called Strike
Lao-che Zhu steals 2nd base
0-1: Ball
1-1: Bunted foul
1-2: Fly out, F9 (Line Drive, 89M, EV 85.0 MPH)
Batting: RHB Manny Elizondo 0-0: Ground out 6-3 (Groundball, 6M, EV 98.1 MPH)
Lao-che Zhu to third
Batting: LHB Ron de Vos 0-0: Foul Ball, location: 2F
0-1: Ball
1-1: Swinging Strike
1-2: Ball
2-2: Fly out, F8 (Line Drive, 8LD, EV 88.1 MPH)
Bottom of the 7th over - 0 runs, 1 hit, 0 errors, 1 left on base; Chester 0 - London 3
TOP OF THE 8TH
Chester Pirates batting - Pitching for London Majors : RHP Marcus Reiling
Pinch Hitting: LHB Damien Cohen 0-0: Called Strike
0-1: Ball
1-1: Foul Ball, location: 2F
1-2: Ball
2-2: Strikes out swinging
Batting: SHB Jiong Qi 0-0: Ball
1-0: SINGLE (Groundball, 34D, EV 94.4 MPH)
Batting: RHB Ryan LeSueur 0-0: Called Strike
0-1: Fly out, F8 (Flyball, 8RD, EV 102.5 MPH)
Batting: RHB Hidesuke Yoshida 0-0: Fielders Choice at 2nd, 6-4 (Groundball, 6, EV 81.9 MPH)
Top of the 8th over - 0 runs, 1 hit, 0 errors, 1 left on base; Chester 0 - London 3
BOTTOM OF THE 8TH
London Majors batting - Pitching for Chester Pirates : RHP Justin Todorovich
Now at 2B: Thad Shearing
Batting: RHB Akira Kubo 0-0: Called Strike
0-1: Called Strike
0-2: Ball
1-2: Fly out, F9 (Flyball, 89M, EV 97.5 MPH)
Batting: RHB Carlos Murillo 0-0: Called Strike
0-1: Ball
1-1: Foul Ball, location: 2F
1-2: Strikes out swinging
Batting: RHB Mikey Sano 0-0: SINGLE (Groundball, 6, EV 96.2 MPH)
Batting: RHB Rudolph Lentz 0-0: Fly out, F7 (Line Drive, 78D, EV 95.6 MPH)
Bottom of the 8th over - 0 runs, 1 hit, 0 errors, 1 left on base; Chester 0 - London 3
TOP OF THE 9TH
Chester Pirates batting - Pitching for London Majors : RHP Marcus Reiling
Pitching: LHP Matt Ray
Batting: RHB Jason Rhodes 0-0: Ball
1-0: Called Strike
1-1: Swinging Strike
1-2: Strikes out looking
Batting: RHB Erik Mulligan 0-0: SINGLE (Line Drive, 7LS, EV 107.5 MPH)
Batting: LHB Kazuyoshi Ikeda 0-0: Called Strike
0-1: Ball
1-1: Ball
2-1: Ground out 6-3 (Groundball, P, EV 81.9 MPH)
Erik Mulligan to second
Batting: RHB Rafael Galicia 0-0: Called Strike
0-1: Ground out 6-3 (Groundball, 6, EV 88.1 MPH)
Top of the 9th over - 0 runs, 1 hit, 0 errors, 1 left on base; Chester 0 - London 3
Sunday, July 16th , 2023 - OOTP Baseball 24.6 Build 69